 Dungeon Crawl Stone Soup version 0.17.1-1-g73c8601 (webtiles) character file.

97 HughJohnson the Sneak (level 4, -3/32 HPs)
             Began as a Vampire Enchanter on Dec 23, 2015.
             Killed from afar by Natasha (8 damage)
             ... with a magic dart
             ... on level 3 of the Dungeon.
             The game lasted 00:11:35 (2208 turns).

HughJohnson the Sneak (Vampire Enchanter)           Turns: 2208, Time: 00:11:35

Health: -3/32      AC:  4    Str:  7    XL:     4   Next: 42%
Magic:  1/7        EV: 12    Int: 18    God:
Gold:   151        SH:  0    Dex: 14    Spells: 2 memorised, 4 levels left

rFire  . . .     SeeInvis +     a - +1 dagger
rCold  + . .     Clarity  .     b - +1 robe
rNeg   . . .     SustAt   +     (no shield)
rPois  .         Gourm    .     (no helmet)
rElec  .         Spirit   .     (no cloak)
rCorr  .         Warding  .     i - +0 pair of gloves
rMut   .         Stasis   .     (no boots)
MR     .....                    (no amulet)
Stlth  +++.......               r - ring of sustain attributes
                                m - ring of protection from cold

@: regenerating quickly, not resistant to hostile enchantments, fairly stealthy
A: fangs 3, see invisible, unbreathing
a: no special abilities


You were on level 3 of the Dungeon.
You were very full.

You visited 1 branch of the dungeon, and saw 3 of its levels.

You collected 151 gold pieces.

Inventory:

Hand Weapons
 a - a +1 dagger (weapon)
Armour
 b - a +1 robe (worn)
 i - a +0 pair of gloves (worn)
Jewellery
 m - a ring of protection from cold (left hand)
 r - a ring of sustain attributes (right hand)
 t - an uncursed amulet of faith
Scrolls
 e - a scroll of teleportation {unknown}
 f - a scroll of fear {unknown}
 g - 4 scrolls of identify {unknown}
 p - a scroll of magic mapping {unknown}
 s - a scroll of enchant weapon {unknown}
Potions
 d - 14 potions of blood
 h - 2 potions of flight {unknown}
 j - 2 potions of agility {unknown}
 k - 2 potions of haste {unknown}
 l - a potion of brilliance {unknown}
 n - 2 potions of invisibility {unknown}
 o - a potion of degeneration {unknown}
 q - a potion of poison {unknown}
Books
 c - a book of Maledictions

   Spells                             Type                      Level
   a - Corona                         Hexes                        1
   b - Ensorcelled Hibernation        Hexes/Ice                    2
   c - Confuse                        Hexes                        3
   d - Tukima's Dance                 Hexes                        3
   e - Dazzling Spray                 Conjuration/Hexes            3


   Skills:
 - Level 1.0 Fighting
 - Level 4.0 Short Blades
 - Level 2.1 Dodging
 + Level 4.6 Stealth
 - Level 2.0 Spellcasting
 + Level 4.5 Hexes
 + Level 1.1 Ice Magic


You had 4 spell levels left.
You knew the following spells:

 Your Spells              Type           Power        Failure   Level  Hunger
a - Corona                Hex            ###....      2%          1    #......
b - Ensorcelled Hibernat  Hex/Ice        ##....       12%         2    ###....


Dungeon Overview and Level Annotations

Branches:
Dungeon (3/15)

Altars:
Ru

Annotations:
D:2 Crazy Yiuf, Robin
D:3 Natasha


Innate Abilities, Weirdness & Mutations

Your natural rate of healing is unusually fast.
You have razor-sharp teeth.
You have supernaturally acute eyesight.
You can survive without breathing.


Message History

Crazy Yiuf hits you with a quarterstaff of chaos.
Casting: Ensorcelled Hibernation
Confirm with . or Enter, or press ? or * to list all spells.
Aiming: Ensorcelled Hibernation
Press: ? - help, Shift-Dir - straight line, f/p - Crazy Yiuf
Aim: Crazy Yiuf, wielding a quarterstaff of chaos and wearing a cloak (chance to defeat MR: 50%) Crazy Yiuf is unaffected.
Crazy Yiuf hits you with a quarterstaff of chaos!
* * * LOW HITPOINT WARNING * * *
Crazy Yiuf burns you.
* * * LOW HITPOINT WARNING * * *
Crazy Yiuf waves his quarterstaff at you.
Crazy Yiuf grits, "Nubble Xom leg!"
There is a stone staircase leading down here.
Crazy Yiuf cries, "Island ladder ragdoll!"
You climb downwards.
Level annotation: Natasha Natasha casts a spell at you.
The magic dart hits you!
You die...

#................# #
##............÷..##..
###.##..............
##...#.............#
#................###
##...#..............
##.............####
#..#..........#
#@............###
#.†h.............
####.##..........###
#...............##
#....g.........## ..
#......g##.....# #..
#.....<.##..##.# ..#
#.......###.##.# ..#
#.(.....# #.##.##..##


You could see Natasha and a hobgoblin.

Vanquished Creatures
  3 adders
  A worm (D:2)
  7 bats
  4 giant cockroaches
  14 goblins
  6 hobgoblins
  3 jackals (D:2)
  2 quokkas
  3 ball pythons
  5 giant newts
  8 kobolds
  6 rats
62 creatures vanquished.

Notes
Turn   | Place    | Note
--------------------------------------------------------------
     0 | D:1      | HughJohnson the Vampire Enchanter began the quest for the Orb.
     0 | D:1      | Reached XP level 1. HP: 13/13 MP: 3/3
   137 | D:1      | Reached skill level 1 in Fighting
   296 | D:1      | Reached XP level 2. HP: 9/21 MP: 3/5
   924 | D:2      | Found a sacrificial altar of Ru.
   979 | D:2      | Learned a level 2 spell: Ensorcelled Hibernation
   986 | D:2      | Reached XP level 3. HP: 26/26 MP: 3/6
  1200 | D:2      | Noticed Crazy Yiuf
  1531 | D:2      | Noticed Robin
  1651 | D:2      | Reached XP level 4. HP: 32/32 MP: 4/7
  2089 | D:3      | Noticed Natasha
  2098 | D:3      | Reached skill level 1 in Ice Magic
  2208 | D:3      | Killed from afar by Natasha

Action                   |  1- 3 |  4- 6 || total
-------------------------+-------+-------++-------
Melee: Dagger            |   148 |    51 ||   199
 Cast: Corona            |     5 |     1 ||     6
       Ensorcelled Hiber |     5 |    10 ||    15
 Abil: End Transformatio |       |     1 ||     1
       Bat Form          |       |     1 ||     1
  Use: Potion            |       |     7 ||     7
 Stab: Sleeping          |    16 |     4 ||    20
       Distracted        |     1 |       ||     1
  Eat: Corpse            |     7 |       ||     7
